 Dungeon Crawl Stone Soup version 0.22.1-1-ga44c0e5 (webtiles) character file.

140 Lavandula the Chopper (level 5, 0/67 HPs)
             Began as a Centaur Berserker on Nov 5, 2018.
             Was a Follower of Trog.
             Slain by Menkaure (14 damage)
             ... on level 4 of the Dungeon.
             The game lasted 00:02:04 (403 turns).

Lavandula the Chopper (Centaur Berserker)            Turns: 403, Time: 00:02:04

Health: 0/67       AC:  4    Str: 26    XL:     5   Next: 2%
Magic:  5/5        EV:  9    Int:  6    God:    Trog [*.....]
Gold:   77         SH:  0    Dex:  8    Spells: 4/4 levels left

rFire    + . .     SeeInvis .   a - +0 hand axe
rCold    . . .     Gourm    .   (no shield)
rNeg     . . .     Faith    .   b - +0 animal skin
rPois    .         Spirit   .   (no helmet)
rElec    .         Reflect  .   (no cloak)
rCorr    .         Harm     .   (no gloves)
MR       .....                  (no barding)
Stlth    ..........             (no amulet)
HPRegen  0.21/turn              h - ring of protection from fire
MPRegen  0.09/turn              (no ring)

@: berserking, very quick
A: large, hooves 3, deformed body, speed 2, tough skin 3
a: Berserk, Renounce Religion


You were on level 4 of the Dungeon.
You worshipped Trog.
Trog was aware of your devotion.
You were hungry.

You visited 1 branch of the dungeon, and saw 4 of its levels.

You collected 77 gold pieces.

Inventory:

Hand Weapons
 a - a +0 hand axe (weapon)
Missiles
 o - 18 sling bullets
Armour
 b - a +0 animal skin (worn)
Jewellery
 h - a ring of protection from fire (left hand)
Scrolls
 g - a scroll of teleportation {unknown}
 l - a scroll of amnesia {unknown}
 n - a scroll of fear {unknown}
 p - a scroll of enchant armour {unknown}
 q - a scroll of identify {unknown}
 r - a scroll of enchant weapon {unknown}
 s - a scroll of immolation {unknown}
Potions
 d - 2 potions of berserk rage {unknown}
 e - a potion of might {unknown}
 f - a potion of lignification {unknown}
 i - a potion of haste {unknown}
 j - a potion of cancellation {unknown}
 k - 2 potions of brilliance {unknown}
 m - a potion of heal wounds {unknown}
Comestibles
 c - a ration


   Skills:
 - Level 3.0 Fighting
 + Level 5.2 Axes
 - Level 1.3 Armour
 - Level 1.3 Dodging


You had 4 spell levels left.
You didn't know any spells.
Your spell library was empty.

Dungeon Overview and Level Annotations

Branches:
Dungeon (4/15)
 Temple: D:4-7

Altars:

Portals:
Ossuary: D:4

Annotations:
D:4 Menkaure


Innate Abilities, Weirdness & Mutations

You have hooves in place of feet.
Armour fits poorly on your strangely shaped body.
You cover ground very quickly.
You have extremely tough skin. (AC +3)


Message History

Trog accepts your kill.
You have reached level 5!
You slash the mummy! The mummy hits you.
You hit Menkaure.
Menkaure is moderately damaged.
You closely miss the mummy. Menkaure hits you.
You barely miss Menkaure.
Menkaure is moderately damaged.
You hit the mummy.
Menkaure grins.
Menkaure misses you.
You barely miss Menkaure. Your kick misses Menkaure.
Menkaure is moderately damaged.
You hit the mummy but do no damage. Menkaure hits you. The mummy hits you!!
* * * LOW HITPOINT WARNING * * *
Unknown command.
You closely miss Menkaure. Your kick misses Menkaure.
Menkaure is moderately damaged.
You slash the mummy! Menkaure hits you!
You die...

##..###.# ##..##.#.#
#..##..#.#######
#.##∩^.'.......#
#..##..#.......#
#...##.#.M.....####
#.#..###............
#.....##.......#.###
##..#M@#..M..M.#..#
#a###.M..###### .#
#.#####..## #
#.....M...#
#.......#.#
#.......#.#
#.......#.#
#.......#..
#.......##.


You could see Menkaure and a mummy.

Vanquished Creatures
  2 hounds (D:4)
  A worker ant (D:4)
  5 adders
  A leopard gecko (D:1)
  A bat (D:2)
  A giant cockroach (D:4)
  2 hobgoblins
  3 frilled lizards
  A leopard gecko skeleton (D:4)
  3 rats
20 creatures vanquished.

Notes
Turn   | Place    | Note
-------+----------+-------------------------------------------
     0 | D:1      | Lavandula the Centaur Berserker began the quest for the
                  | Orb.
     0 | D:1      | Reached XP level 1. HP: 19/19 MP: 1/1
    33 | D:1      | Reached skill level 3 in Axes
    81 | D:2      | Reached XP level 2. HP: 26/26 MP: 2/2
   160 | D:2      | Reached XP level 3. HP: 31/31 MP: 3/3
   230 | D:2      | Reached skill level 4 in Axes
   290 | D:4      | Reached XP level 4. HP: 30/38 MP: 4/4
   331 | D:4      | Reached skill level 5 in Axes
   370 | D:4      | Found a sand-covered staircase.
   372 | D:4      | Noticed Menkaure
   399 | D:4      | Reached XP level 5. HP: 44/45 MP: 5/5
   403 | D:4      | Slain by Menkaure

Skill      XL: |  1  2  3  4 |
---------------+-------------+-----
Axes           | 3 4 5 |  5.2
Fighting       | |  3.0
Armour         | |  1.3
Dodging        | |  1.3

Action                   |  1- 3 |  4- 6 || total
-------------------------+-------+-------++-------
Melee: Hand axe          |    45 |    21 ||    66
       Kick              |     6 |     1 ||     7
Invok: Berserk           |     1 |     2 ||     3
Armor: Animal skin       |    15 |     4 ||    19
Dodge: Dodged            |    26 |     6 ||    32
